 Dungeon Crawl Stone Soup version 0.27.1-33-g824d729ab1 (webtiles) character file.

Game seed: 12065253386499794120

42 vvl the Grave Robber (level 3, -4/46 HPs)
             Began as a Deep Dwarf Necromancer on Dec 30, 2021.
             Succumbed to Terence's poison
             ... on level 2 of the Dungeon.
             The game lasted 00:08:54 (1844 turns).

vvl the Grave Robber (Deep Dwarf Necromancer)       Turns: 1844, Time: 00:08:55

Health: -4/46      AC: 21    Str: 12    XL:     3   Next: 35%
Magic:  0/6        EV:  2    Int: 15    God:
Gold:   85         SH:  0    Dex: 13    Spells: 2/6 levels left

rFire    . . .     SeeInvis .   m - +0 dagger
rCold    . . .     Faith    .   (no shield)
rNeg     + + +     Spirit   .   (armour currently unavailable)
rPois    +         Reflect  .   (helmet currently unavailable)
rElec    .         Harm     .   (cloak currently unavailable)
rCorr    .         Rampage  .   (gloves currently unavailable)
Will     .....     NoTele   +   (boots currently unavailable)
Stlth    ++........             (no amulet)
HPRegen  0.00/turn              (no ring)
MPRegen  0.10/turn              (no ring)

@: lethally poisoned (-4 -> -15), tree-form
A: stationary, stasis, torment immunity, boosted hp, damage resistance, heal
wounds, sense surroundings 1, no regeneration
a: Heal Wounds


You were on level 2 of the Dungeon.
You were a tree.
You visited 1 branch of the dungeon, and saw 2 of its levels.

You collected 85 gold pieces.

Inventory:

Hand Weapons
 m - a +0 dagger (weapon)
Armour
 a - a +0 robe (melded)
Scrolls
 b - a scroll of enchant armour {unknown}
 c - a scroll of silence {unknown}
 d - 2 scrolls of amnesia {unknown}
 f - a scroll of fog {unknown}
 h - a scroll of vulnerability {unknown}
 j - a scroll of fear {unknown}
 k - a scroll of enchant weapon {unknown}
 l - a scroll of teleportation {unknown}
Potions
 e - a potion of heal wounds {unknown}
 g - a potion of curing {unknown}
 i - a potion of lignification


   Skills:
 + Level 1.0 Fighting
 + Level 2.7 Dodging
 - Level 2.4 Stealth
 + Level 2.1 Spellcasting
 * Level 5.0 Necromancy


You had 2 spell levels left.
You knew the following spells:

 Your Spells              Type           Power      Damage    Failure   Level
a - Pain                  Necr           64%        1d7       2%          1
b - Vampiric Draining     Necr           8%         2d7       9%          3

Your spell library contained the following spells:

 Spells                   Type           Power      Damage    Failure   Level
 Animate Skeleton         Necr           32%        N/A       2%          1
 Animate Dead             Necr           8%         N/A       28%         4
 Agony                    Necr           16%        N/A       61%         5


Dungeon Overview and Level Annotations

Branches:
Dungeon (2/15)

Altars:

Shops:
D:1 [(

Annotations:
D:2 Terence


Innate Abilities, Weirdness & Mutations

You are a tree.
Your roots penetrate the ground, keeping you stationary.
You cannot be teleported.
You are immune to unholy pain and torment.
Your maximum health is greatly increased.
Your equipment is partially melded.
You are resistant to damage.
You can heal yourself by infusing magical energy.
You passively map a small area around you.
You do not regenerate.


Message History

The adder skeleton is severely damaged.
The adder skeleton misses you.
You hit the adder skeleton.
You destroy the adder skeleton!
Your Necromancy skill increases to level 5!
You now have 85 gold pieces (gained 7).
Terence the Incautious comes into view.
He is wielding a +2 trident of venom.
Terence is nearby!
You are too injured to fight recklessly!
You are too injured to fight recklessly!
A hobgoblin comes into view.
Terence shouts!
Terence hits you from afar with a +2 trident of venom!
* * * LOW HITPOINT WARNING * * *
You are poisoned.
Terence hits you with a +2 trident of venom!
* * * LOW HITPOINT WARNING * * *
You are more poisoned.
Casting: Vampiric Draining (quite dangerous; 9% risk of failure)
Confirm with . or Enter, or press ? or * to list all spells.
The spell is quite dangerous to cast (9% risk of failure)!
Continue anyway?
Aiming: Vampiric Draining (quite dangerous; 9% risk of failure)
Press: ? - help, Shift-Dir - straight line, f - Terence
Aim: Terence, wielding a +2 trident of venom and wearing a +0 chain mail You draw life force from Terence.
You feel life coursing into your body.
Terence hits you with a +2 trident of venom.
You are more poisoned.
Casting: Vampiric Draining (quite dangerous; 9% risk of failure)
Confirm with . or Enter, or press ? or * to list all spells.
The spell is quite dangerous to cast (9% risk of failure)!
Continue anyway?
Aiming: Vampiric Draining (quite dangerous; 9% risk of failure)
Press: ? - help, Shift-Dir - straight line, f/p - Terence
Aim: Terence, wielding a +2 trident of venom and wearing a +0 chain mail (lightly wounded)
You draw life force from Terence!
You feel life coursing into your body.
Terence hits you with a +2 trident of venom!
* * * LOW HITPOINT WARNING * * *
You are lethally poisoned!
It was a potion of lignification.
You turn into a tree.
Your +0 robe melds into your body.
Your roots penetrate the ground.
You die...

...#....# * #..#....#
........+ ,>#
######## ........#
#.# ####......#
........# #.#
..##.####.#
(.......####.#*#.##.#
#.# .............#
#.##.# #.#
.............# #@##.#
#.# .............#
#♣##.# #.#
##...........# #.##.#
#.# #...........#
#.##.# #.#
#...........# #.##.#
#.# ###########.#
#.##.# #.#
#.###.##.####.#
#.............#
#####.##.###..#
#.....# #..#


You could see Terence.

Vanquished Creatures
  An adder skeleton (D:2)
  A dart slug (D:1)
  2 ball pythons (D:1)
  2 endoplasms
  4 giant cockroaches (D:1)
  3 goblins
  3 hobgoblins (D:1)
  4 kobolds (D:1)
  4 quokkas (D:1)
  2 bats (D:1)
  6 frilled lizards (D:1)
  3 rats (D:1)
35 creatures vanquished.

Notes
Turn   | Place    | Note
-------+----------+-------------------------------------------
     0 | D:1      | vvl the Deep Dwarf Necromancer began the quest for the Orb.
     0 | D:1      | Reached XP level 1. HP: 15/15 MP: 3/3
   404 | D:1      | Found Legrit's Armour Emporium.
   447 | D:1      | Reached XP level 2. HP: 15/24 MP: 1/4
   969 | D:1      | Reached XP level 3. HP: 19/30 MP: 0/6
  1045 | D:1      | Learned a level 3 spell: Vampiric Draining
  1572 | D:1      | Found Ruwysove's Weapon Shoppe.
  1623 | D:2      | Reached skill level 1 in Fighting
  1820 | D:2      | Reached skill level 5 in Necromancy
  1836 | D:2      | Noticed Terence
  1844 | D:2      | Succumbed to Terence's poison

Illustrated notes

Levels and vault maps discovered:
D:1:      giann_forest_graveyard, layout_loops_corners, serial_shops,
          nicolae_shop_trees, shop, kennysheep_small_spiral, minmay_tall_x
D:2:      layout_basic, basic_altar, uniq_terence, uniq_jessica

Skill      XL: |  1  2  3 |
---------------+----------+-----
Spellcasting   | 2 |  2.1
Fighting       | 1 |  1.0
Necromancy     | 5 |  5.0
Dodging        | |  2.7
Stealth        | |  2.4

Action                   || total
-------------------------++-------
Melee: Unarmed           ||    32
       Dagger            ||    18
 Cast: Pain              ||    53
       Vampiric Draining ||     7
  Use: Potion            ||     1
Armor: Robe              ||     5
Dodge: Dodged            ||    39
